 Dungeon Crawl Stone Soup version 0.15.0-16-gce31824 (webtiles) character file.

1031 HungrySpirit the Cleaver (level 8, -4/73 HPs)
             Began as a Hill Orc Wanderer on Sept 5, 2014.
             Slain by an ogre
             ... wielding a cursed -1 giant club
              (20 damage)
             ... on Level 5 of the Dungeon.
             The game lasted 00:14:40 (5474 turns).

HungrySpirit the Cleaver (Hill Orc Wanderer)        Turns: 5474, Time: 00:14:41

HP  -4/73        AC 11     Str 17      XL: 8   Next: 23%
MP   9/9         EV  5     Int 13      God:
Gold 47          SH  3     Dex  9      Spells:  0 memorised,  7 levels left

rFire  . . .     SeeInvis .     g - +0 war axe
rCold  + . .     Clarity  .     l - -1 chain mail
rNeg   + . .     rCorr    +     c - +0 buckler
rPois  +         rRot     .     b - +0 helmet
rElec  .         Spirit   .     y - +1 cloak of the Amoeba {rN+}
SustAb .         Warding  .     v - +0 pair of gloves
rMut   .         Stasis   .     (no boots)
Gourm  .                        i - amulet of resist corrosion
MR     .....                    r - ring of protection from cold
                                q - ring of poison resistance

@: not resistant to hostile enchantments, extremely unstealthy
A: no striking features
a: no special abilities


You were on level 5 of the Dungeon.
You were not hungry.

You visited 1 branch of the dungeon, and saw 5 of its levels.

You collected 221 gold pieces.
You spent 174 gold pieces at shops.

Inventory:

Hand weapons
 g - a +0 war axe (weapon)
 s - a +1 mace of protection
Missiles
 h - 3 tomahawks (quivered)
Armour
 b - a +0 helmet (worn)
 c - a +0 buckler (worn)
 e - a +0 shield
 l - a -1 chain mail (worn)
 v - a +0 pair of gloves (worn)
 y - the +1 cloak of the Amoeba (worn) {rN+}
   (You found it on level 4 of the Dungeon)

   It protects you from negative energy.
Magical devices
 o - a wand of digging (13)
 u - a wand of teleportation (2)
Comestibles
 f - 3 meat rations
 j - a royal jelly
 A - 3 bread rations
Scrolls
 k - a scroll of magic mapping
 m - 2 scrolls of immolation
 p - a scroll of blinking
 x - a scroll of recharging {unknown}
 B - 2 scrolls of teleportation {unknown}
 C - a scroll of remove curse
 D - a scroll of identify
Jewellery
 i - an amulet of resist corrosion (around neck)
 n - an uncursed ring of protection from cold
 q - a ring of poison resistance (left hand)
 r - a ring of protection from cold (right hand)
Potions
 a - 2 potions of berserk rage
 d - a potion of cure mutation {unknown}
 t - 2 potions of invisibility {unknown}
 w - a potion of curing {unknown}
 z - 2 potions of haste {unknown}


   Skills:
 - Level 7.0 Fighting
   Level 2.0 Short Blades
 * Level 9.0(9.3) Axes
 - Level 3.2(5.8) Maces & Flails
 + Level 1.9 Armour
 - Level 1.5 Stealth
 - Level 1.2 Shields
 - Level 1.0 Evocations


You had 7 spell levels left.
You didn't know any spells.

Dungeon Overview and Level Annotations

Branches:
Dungeon (5/15)
 Temple: D:4-7

Altars:
Xom

Shops:
D:4 =*?=


Message History

The ogre hits you but does no damage.
You closely miss the ogre.
The ogre is heavily wounded.
You hit the ogre.
The ogre is severely wounded.
The ogre hits you with a giant club!
Your chain mail prevents you from hitting the ogre.
The ogre is severely wounded.
The ogre hits you with a giant club.
You slash the ogre!
The ogre is almost dead.
The ogre hits you with a giant club!
* * * LOW HITPOINT WARNING * * *
You are too injured to fight recklessly!
You are too injured to fight recklessly!
You are too injured to fight recklessly!
You hit the ogre but do no damage.
The ogre is almost dead.
The ogre hits you with a giant club!!
You die...

...'.......'.......+.............
#..#.......####+####.............
##'###.................#'########
.....#.................#....#
.....#.................#....#
.....#.................#....#
.....#.................#....#
.....+.................+....#
##+###..........@......#...## #
########O##+######## ... .....
....... ......... +#####+###+


You could see an ogre.

Vanquished Creatures
  The ghost of ilii the Sneak, an average KoAr (D:4)
  The ghost of salade2fruit the Sneak, an average OpMo (D:3)
  Purgy (D:2)
  A centaur (D:5)
  A phantom (D:4)
  A giant frog (D:3)
  2 hounds
  An orc priest (D:5)
  An iguana (D:5)
  3 orc wizards
  2 worker ants
  5 adders
  A shadow imp (D:5)
  4 worms
  3 giant mites
  2 giant geckos
  6 orcs
  A ball python (D:3)
  5 giant cockroaches
  8 goblins
  10 hobgoblins
  A jackal (D:3)
  8 kobolds
  4 bats
  A giant gecko skeleton (D:5)
  6 giant newts
  An orc skeleton (D:4)
  A quokka (D:4)
  8 rats
90 creatures vanquished.

Notes
Turn   | Place    | Note
--------------------------------------------------------------
     0 | D:1      | HungrySpirit, the Hill Orc Wanderer, began the quest for the Orb.
     0 | D:1      | Reached XP level 1. HP: 19/19 MP: 1/1
   506 | D:1      | Reached XP level 2. HP: 21/26 MP: 2/2
  1111 | D:2      | Reached XP level 3. HP: 31/33 MP: 3/3
  1119 | D:2      | Reached skill level 1 in Armour
  1147 | D:2      | Reached skill level 4 in Fighting
  1493 | D:2      | Found a shimmering altar of Xom.
  1493 | D:2      | Found a shimmering altar of Xom.
  1494 | D:2      | Found a shimmering altar of Xom.
  1502 | D:2      | You fall through a shaft!
  1512 | D:3      | Noticed salade2fruit's ghost (average OpMo)
  1584 | D:2      | Reached XP level 4. HP: 37/40 MP: 4/4
  2289 | D:3      | Noticed Purgy
  2656 | D:3      | Reached XP level 5. HP: 40/47 MP: 5/5
  2659 | D:3      | Noticed a giant frog
  2672 | D:3      | HP: 2/47 [giant frog (6)]
  2673 | D:3      | Killed a giant frog
  3354 | D:3      | Reached skill level 5 in Fighting
  3511 | D:2      | Killed Purgy
  3511 | D:2      | Reached XP level 6. HP: 51/56 MP: 7/7
  3524 | D:3      | Killed salade2fruit's ghost
  3524 | D:3      | Reached skill level 5 in Axes
  3804 | D:4      | Reached XP level 7. HP: 60/62 MP: 8/8
  3827 | D:4      | Found Oblax's Assorted Antiques.
  3846 | D:4      | Reached skill level 6 in Axes
  3917 | D:4      | Bought a murky white potion for 20 gold pieces
  3917 | D:4      | Bought a brass wand for 92 gold pieces
  3917 | D:4      | Bought a viscous blue potion for 20 gold pieces
  3917 | D:4      | Bought a red potion for 20 gold pieces
  3930 | D:4      | Found Keebbig's Magic Scroll Shop.
  3937 | D:4      | Bought a scroll of identify for 22 gold pieces
  3952 | D:4      | Found Veinong's Jewellery Shoppe.
  3968 | D:4      | Found Iwici's Jewellery Emporium.
  3971 | D:4      | Got an ancient cloak
  3977 | D:4      | Identified the +1 cloak of the Amoeba {rN+} (You found it on level 4 of the Dungeon)
  4425 | D:4      | Reached skill level 7 in Axes
  4490 | D:4      | Noticed ilii's ghost (average KoAr)
  4517 | D:4      | Killed ilii's ghost
  4780 | D:5      | Entered Level 5 of the Dungeon
  4894 | D:5      | Reached skill level 8 in Axes
  4950 | D:5      | Reached XP level 8. HP: 29/71 MP: 9/9
  5304 | D:5      | Reached skill level 9 in Axes
  5474 | D:5      | Slain by an ogre

Action                   |  1- 3 |  4- 6 |  7- 9 || total
-------------------------+-------+-------+-------++-------
Melee: Mace              |   118 |    39 |       ||   157
       War axe           |       |   101 |   203 ||   304
Evoke: Wand              |     1 |       |     1 ||     2
  Use: Potion            |       |     2 |     2 ||     4
       Scroll            |       |     4 |     4 ||     8
  Eat: Chunk             |     2 |       |     6 ||     8
       Meat ration       |       |     1 |       ||     1
       Royal jelly       |       |     1 |       ||     1
